 Dungeon Crawl Stone Soup version 0.17.0-28-g6e173f8 (webtiles) character file.

331 gorblad the Covert (level 6, -4/41 HPs)
             Began as an Octopode Assassin on Nov 25, 2015.
             Killed from afar by an orc wizard (10 damage)
             ... with a puff of flame
             ... on level 4 of the Dungeon.
             The game lasted 00:07:15 (3072 turns).

gorblad the Covert (Octopode Assassin)              Turns: 3072, Time: 00:07:17

Health: -4/41      AC:  1    Str: 10    XL:     6   Next: 52%
Magic:  6/6        EV: 13    Int: 14    God:
Gold:   111        SH:  0    Dex: 15    Spells: 0 memorised, 5 levels left

rFire  . . .     SeeInvis .     a - +2 dagger
rCold  . . .     Clarity  .     (no shield)
rNeg   . . .     SustAt   .     (helmet restricted)
rPois  .         Gourm    .     (no amulet)
rElec  .         Spirit   .     (no ring)
rCorr  .         Warding  .     (no ring)
rMut   .         Stasis   .     (no ring)
MR     .....                    (no ring)
Stlth  ++++++....               (no ring)
                                (no ring)
                                (no ring)
                                (no ring)

@: not resistant to hostile enchantments, very stealthy
A: almost no armour, amphibious, 8 rings, constrict 8, camouflage 1, gelatinous
body 1
a: no special abilities


You were on level 4 of the Dungeon.
You were not hungry.

You visited 1 branch of the dungeon, and saw 4 of its levels.

You collected 111 gold pieces.

Inventory:

Hand Weapons
 a - a +2 dagger (weapon)
 b - a +0 blowgun
Missiles
 c - 8 poisoned needles
 d - 2 curare-tipped needles
Jewellery
 t - a cursed -2 ring of intelligence
 v - a cursed -3 ring of intelligence
Scrolls
 g - a scroll of amnesia {unknown}
 h - a scroll of remove curse {unknown}
 j - 3 scrolls of blinking
 n - 2 scrolls of fear {unknown}
 o - a scroll of noise {unknown}
 p - a scroll of recharging {unknown}
 w - a scroll of random uselessness {unknown}
Potions
 f - a potion of cancellation
 i - a potion of flight
 l - a potion of magic
Comestibles
 e - 3 bread rations
 k - a slice of pizza
 m - 3 fruits
 u - a beef jerky


   Skills:
 + Level 2.4 Fighting
 + Level 2.8 Short Blades
 + Level 2.1 Throwing
 + Level 3.0 Dodging
 + Level 8.9 Stealth


You had 5 spell levels left.
You didn't know any spells.

Dungeon Overview and Level Annotations

Branches:
Dungeon (4/15)
 Temple: D:4-7

Altars:


Innate Abilities, Weirdness & Mutations

You cannot wear most types of armour.
You are amphibious.
You can wear up to eight rings at the same time.
You can use your tentacles to constrict eight enemies at once.
Your skin changes colour to match your surroundings (Stealth).
Your rubbery body absorbs attacks (AC +1).


Message History

You hit the orc but do no damage. You grab the orc. You constrict the orc.
The orc hits you.
* * * LOW HITPOINT WARNING * * *
You are too injured to fight recklessly!
You are too injured to fight recklessly!
You are too injured to fight recklessly!
You are too injured to fight recklessly!
You are too injured to fight recklessly!
You hit the orc wizard but do no damage.
Your grab misses the orc wizard. You constrict the orc.
The orc closely misses you. The orc wizard hits you with a dagger.
* * * LOW HITPOINT WARNING * * *
You hit the orc wizard but do no damage.
Your grab misses the orc wizard.
You constrict the orc, but do no damage.
The orc hits you.
* * * LOW HITPOINT WARNING * * *
The orc wizard casts a spell at you. The puff of flame hits you!
You die...

#.#
#.##.....#.......#.#.
#.###.....##.#.##.##.#
#........).).#.....#.#
#........<#..###.#...#
#.......###......#.####
##..........######)...##
#.....#######.........#
#..........##...)....$#
###....###.##o@.......#
###### #.o.......##
#.######..# ... #.# ...
.# ..... . .... ....


You could see an orc wizard and an orc.

Vanquished Creatures
  A scorpion (D:4)
  2 iguanas (D:4)
  2 orc priests (D:4)
  Ijyb (D:3)
  A hound (D:4)
  A worker ant (D:4)
  A gnoll (D:1)
  3 adders
  3 giant geckos
  4 orcs
  11 hobgoblins
  A quokka (D:2)
  2 ball pythons
  5 bats
  3 giant cockroaches
  3 giant newts
  6 goblins (D:1)
  6 kobolds
  5 rats
61 creatures vanquished.

Notes
Turn   | Place    | Note
--------------------------------------------------------------
     0 | D:1      | gorblad the Octopode Assassin began the quest for the Orb.
     0 | D:1      | Reached XP level 1. HP: 14/14 MP: 1/1
   289 | D:1      | Reached XP level 2. HP: 10/19 MP: 2/2
   349 | D:1      | Reached skill level 6 in Stealth
   462 | D:1      | Reached XP level 3. HP: 8/24 MP: 3/3
  1785 | D:3      | Reached XP level 4. HP: 13/29 MP: 4/4
  1804 | D:3      | Reached skill level 7 in Stealth
  1869 | D:3      | Noticed Ijyb
  1879 | D:3      | Killed Ijyb
  2532 | D:4      | Reached XP level 5. HP: 34/34 MP: 5/5
  2559 | D:4      | Reached skill level 8 in Stealth
  2757 | D:4      | Reached XP level 6. HP: 37/41 MP: 6/6
  3072 | D:4      | Killed from afar by an orc wizard

Action                   |  1- 3 |  4- 6 || total
-------------------------+-------+-------++-------
Melee: Dagger            |    69 |    67 ||   136
  Use: Scroll            |     7 |       ||     7
       Potion            |       |     3 ||     3
 Stab: Sleeping          |    15 |     7 ||    22
  Eat: Chunk             |     2 |       ||     2
       Royal jelly       |     1 |       ||     1
       Bread ration      |       |     1 ||     1
